 Dungeon Crawl Stone Soup version 0.30-a0-339-g89bb51ec76 (webtiles) character file.

Game seed: 15522980174078075823

43 Muataran the Chopper (level 3, -2/33 HPs)
             Began as a Hill Orc Monk on Nov 1, 2022.
             Slain by a gnoll
             ... wielding a +0 flail
              (10 damage)
             ... on level 2 of the Dungeon.
             The game lasted 00:01:28 (1812 turns).

Muataran the Chopper (Hill Orc Monk)                Turns: 1812, Time: 00:01:28

Health: -2/33      AC:  2    Str: 15    XL:     3   Next: 58%
Magic:  3/3        EV: 12    Int: 10    God:
Gold:   93         SH:  0    Dex: 13    Spells: 2/2 levels left

rFire   . . .      SeeInvis .    a - +0 hand axe
rCold   . . .      Faith    .    (no shield)
rNeg    . . .      Spirit   .    b - +0 robe
rPois   .          Reflect  .    (no helmet)
rElec   .          Harm     .    (no cloak)
rCorr   .          Rampage  .    (no gloves)
Will    .....                    (no boots)
Stlth   ++........               (no amulet)
HPRegen 0.25/turn                (no ring)
MPRegen 0.08/turn                (no ring)

@: no status effects
A: no striking features
a: no special abilities


You were on level 2 of the Dungeon.
You visited 1 branch of the dungeon, and saw 2 of its levels.

You collected 93 gold pieces.

Inventory:

Hand Weapons
 a - a +0 hand axe (weapon)
Armour
 b - a +0 robe (worn)
Jewellery
 e - a ring of see invisible
Scrolls
 d - a scroll of butterflies {unknown}
 g - a scroll of poison {unknown}
 h - 4 scrolls of identify {unknown}
 i - a scroll of enchant armour {unknown}
Potions
 c - a potion of ambrosia
 f - 2 potions of lignification {unknown}


   Skills:
 + Level 4.1 Fighting
 * Level 5.1 Axes
 + Level 1.4 Armour
 - Level 2.4 Dodging
 - Level 1.5 Stealth


You had 2 spell levels left.
You didn't know any spells.
Your spell library was empty.

Dungeon Overview and Level Annotations

Branches:
Dungeon (2/15)

Altars:


Message History

No target in view!
h - 4 scrolls labelled NAFOFECH HIUC (gained 1)
You now have 93 gold pieces (gained 3).
Things that are here:
a +0 mace of draining; a hobgoblin corpse
i - a scroll labelled VYSEIFUM WIENG 2 gnolls come into view.
The gnoll shouts! x2
There are monsters nearby!
A gnoll comes into view. It is wielding a +0 whip.
The gnoll closely misses you.
The gnoll throws a throwing net.
The throwing net misses you.
You see here a throwing net.
You closely miss the gnoll. The gnoll closely misses you.
You hit the gnoll. You punch the gnoll.
The gnoll is heavily wounded.
The gnoll hits you with a +0 flail!
You hit the gnoll.
The gnoll is severely wounded.
The gnoll hits you with a +0 flail!
You hit the gnoll.
The gnoll is severely wounded.
The gnoll closely misses you.
You closely miss the gnoll.
The gnoll is severely wounded.
The gnoll completely misses you.
You hit the gnoll.
The gnoll is almost dead.
The gnoll misses you.
You hit the gnoll.
The gnoll is almost dead.
The gnoll hits you with a +0 flail.
The gnoll shouts!
You hit the gnoll.
You kill the gnoll!
Your Axes skill increases to level 5!
The gnoll attacks as you move away! The gnoll hits you with a +0 flail.
* * * LOW HITPOINT WARNING * * *
The gnoll attacks as you move away! The gnoll hits you with a +0 flail!
You die...

.#
......#.##...............
.# #....#.##...............
.# #....#.##...............
.#
##....#.##...............
.#
#.......##........###.###
.# #.#####g.....>....# .#
.# #)##........# .### ....
.# ##g##........# #.. .##.#
#.# #..@.........# #..
....# #.#
#............#####.. ###.#
#.# #...........^.......
..... #.#
#............####### ###.#
#.# #..........[.#
..#.#####.####.....###.####
............##.....# #.#
###.#####.#.##.....# #.#
......#...#.##.....# #.#


You could see 2 gnolls.

Vanquished Creatures
  A gnoll (D:2)
  3 bats
  2 endoplasms (D:1)
  2 giant cockroaches (D:2)
  2 goblins
  2 hobgoblins (D:2)
  5 jackals
  4 kobolds
  2 quokkas (D:1)
  2 ball pythons (D:2)
  3 rats
28 creatures vanquished.

Notes
Turn   | Place    | Note
-------+----------+-------------------------------------------
     0 | D:1      | Muataran the Hill Orc Monk began the quest for the Orb.
     0 | D:1      | Reached XP level 1. HP: 19/19 MP: 1/1
     3 | D:1      | Noticed an electric eel
     4 | D:1      | Noticed an electric eel
   460 | D:1      | Reached XP level 2. HP: 20/27 MP: 2/2
   698 | D:1      | Found a faded altar of an unknown god.
  1294 | D:2      | Reached skill level 1 in Armour
  1486 | D:2      | Reached XP level 3. HP: 33/33 MP: 3/3
  1811 | D:2      | Reached skill level 5 in Axes
  1812 | D:2      | Slain by a gnoll

Illustrated notes

Levels and vault maps discovered:
D:1:      arrival_aquarium_b, layout_basic, shapermc_ecumenical_altar_gd
D:2:      layout_basic

Skill      XL: |  1  2  3 |
---------------+----------+-----
Armour         | 1 |  1.4
Fighting       | 4 |  4.1
Axes           | 5 |  5.1
Dodging        | |  2.4
Stealth        | |  1.5

Action                   || total
-------------------------++-------
Melee: Hand axe          ||    94
       Punch             ||     2
 Stab: Sleeping          ||     2
Armor: Robe              ||    22
Dodge: Dodged            ||    70

Table legend: (Time is in decaauts)
 A = Elapsed time spent in this place.
 B = Non-inter-level travel time spent in this place.
 C = Inter-level travel time spent in this place.
 D = Time resting spent in this place.
 E = Time spent auto-exploring this place.
 F = Levels seen in this place.
 G = Mean time per level.
                   A        B        C        D        E       F      G
               +--------+--------+--------+--------+--------+-----+--------+
         Total |   1820 |   1751 |     69 |     91 |   1428 |   2 |  910.0 |
       Dungeon |   1820 |   1751 |     69 |     91 |   1428 |   2 |  910.0 |
               +--------+--------+--------+--------+--------+-----+--------+

Top non-repeatable levels by time:
     D:1: 1267 daAuts
     D:2: 552 daAuts
